 Dungeon Crawl Stone Soup version 0.28-a0-537-g3bccd9ccbf (webtiles) character file.

Game seed: 17017471830850353525

6 Shayle the Grasshopper (level 1, 0/16 HPs)
             Began as a Demonspawn Warper on Sept 27, 2021.
             Slain by a kobold (2 damage)
             ... on level 1 of the Dungeon.
             The game lasted 00:00:48 (386 turns).

Shayle the Grasshopper (Demonspawn Warper)           Turns: 386, Time: 00:00:48

Health: 0/16       AC:  3    Str: 11    XL:     1   Next: 75%
Magic:  3/3        EV: 11    Int: 14    God:
Gold:   25         SH:  0    Dex: 12    Spells: 4/4 levels left

rFire   . . .      SeeInvis .   f - +0 morningstar
rCold   . . .      Faith    .   (no shield)
rNeg    . . .      Spirit   .   b - +0 leather armour
rPois   .          Reflect  .   (no helmet)
rElec   .          Harm     .   (no cloak)
rCorr   .          Rampage  .   (no gloves)
Will    .....                   (no boots)
Stlth   +.........              (no amulet)
HPRegen 0.05/turn               (no ring)
MPRegen 0.08/turn               (no ring)

@: no status effects
A: no striking features
a: no special abilities


You were on level 1 of the Dungeon.
You visited 1 branch of the dungeon, and saw 1 of its levels.

You collected 25 gold pieces.

Inventory:

Hand Weapons
 a - a +0 spear
 f - a +0 morningstar (weapon)
Missiles
 d - 5 boomerangs of dispersal (quivered)
Armour
 b - a +0 leather armour (worn)
Scrolls
 c - a scroll of blinking
 e - a scroll of identify {unknown}


   Skills:
 + Level 2.1 Fighting
 + Level 1.9 Polearms
 - Level 0.8 Throwing
 + Level 1.1 Armour
 - Level 1.7 Dodging
 - Level 2.0 Spellcasting
 - Level 2.6 Translocations
 + Level 0.7 Invocations


You had 4 spell levels left.
You didn't know any spells.
Your spell library contained the following spells:

 Spells                   Type           Power      Damage    Failure   Level
 Blink                    Tloc           N/A        N/A       16%         2
 Gell's Gravitas          Tloc           4%         N/A       30%         3
 Lesser Beckoning         Tloc           8%         N/A       30%         3
 Teleport Other           Tloc           8%         N/A       30%         3
 Manifold Assault         Tloc           8%         N/A       96%         5


Dungeon Overview and Level Annotations

Branches:
Dungeon (1/15)

Altars:


Message History

You see here a hobgoblin corpse.
You now have 25 gold pieces (gained 13).
You open the large door.
There is a large open door here.
There is a large open door here.
You open the door.
There is an open door here.
You open the door.
An endoplasm comes into view.
A kobold comes into view. It is wielding a +0 dagger.
Found a stone staircase leading down.
The kobold shouts!
The endoplasm quivers.
An endoplasm comes into view.
There is an open door here.
The kobold barely misses you. The kobold hits you with a +0 dagger.
There is an open door here.
You barely miss the kobold. The kobold barely misses you.
The kobold hits you with a +0 dagger.
You barely miss the kobold. The kobold hits you with a +0 dagger.
You hit the kobold.
The kobold is severely wounded.
The kobold hits you with a +0 dagger. The kobold misses you.
You closely miss the kobold.
The kobold is severely wounded.
The kobold hits you with a +0 dagger.
* * * LOW HITPOINT WARNING * * *
You closely miss the kobold.
The kobold is heavily wounded.
The kobold hits you but does no damage. The kobold hits you with a +0 dagger.
* * * LOW HITPOINT WARNING * * *
You closely miss the kobold.
The kobold is heavily wounded.
The endoplasm jiggles.
The kobold hits you but does no damage.
You miss the kobold.
The kobold is heavily wounded.
The kobold hits you but does no damage. The kobold hits you with a +0 dagger.
You die...

########......##...
#..... ####.#.##.##
#..... #.#.##.#
.#..... #.#....##
.......##
########.####...
........# #......#.#
#.## ........#
#......#.# #.#
........####......#.#
#.#
.......JJK@'......#.#
#.#
........####......#.#
#.# ........#
#......#.# #.#
........# ###'####.#
#.# ........#
###'####.# #.#
....>#+## #........#
#.# ..... #.......##
#.# ..... #.......#
#.# #.......# #.#


You could see 2 endoplasms and a kobold.

Vanquished Creatures
  A dart slug (D:1)
  A hobgoblin (D:1)
  A ball python (D:1)
  2 kobolds (D:1)
5 creatures vanquished.

Notes
Turn   | Place    | Note
-------+----------+-------------------------------------------
     0 | D:1      | Shayle the Demonspawn Warper began the quest for the Orb.
     0 | D:1      | Reached XP level 1. HP: 16/16 MP: 3/3
   147 | D:1      | Reached skill level 1 in Armour
   386 | D:1      | Slain by a kobold

Illustrated notes

Levels and vault maps discovered:
D:1:      lightli_arrival_boilingwater, layout_basic,
          shapermc_ecumenical_altar_mp_ritualfount, grunt_decor_mini_mirrors

Skill      XL: |  1 |
---------------+----+-----
Armour         | 1 |  1.1
Fighting       | |  2.1
Polearms       | |  1.9
Throwing       | |  0.8
Dodging        | |  1.7
Spellcasting   | |  2.0
Translocations | |  2.6
Invocations    | |  0.7

Action                   || total
-------------------------++-------
Melee: Morningstar       ||    14
       Spear             ||     9
Armor: Leather armour    ||     6
Dodge: Dodged            ||    13

Table legend: (Time is in decaauts)
 A = Elapsed time spent in this place.
 B = Non-inter-level travel time spent in this place.
 C = Inter-level travel time spent in this place.
 D = Time resting spent in this place.
 E = Time spent auto-exploring this place.
 F = Levels seen in this place.
 G = Mean time per level.
                   A        B        C        D        E       F      G
               +--------+--------+--------+--------+--------+-----+--------+
         Total |    394 |    394 |      0 |      0 |    319 |   1 |  394.0 |
       Dungeon |    394 |    394 |      0 |      0 |    319 |   1 |  394.0 |
               +--------+--------+--------+--------+--------+-----+--------+

Top non-repeatable levels by time:
     D:1: 394 daAuts
